 Dungeon Crawl Stone Soup version 0.26-a0-661-g406de6ba63 (webtiles) character file.

Game seed: 3954788255057304875

390073 corevian the Fencer (level 22, -6/165 HPs)
             Began as a Demonspawn Gladiator on Oct 8, 2020.
             Was a High Priest of Okawaru.
             Killed from afar by a deep elf high priest (14 damage)
             ... with damnation
             ... on level 3 of the Elven Halls.
             The game lasted 02:30:11 (43106 turns).

corevian the Fencer (Demonspawn Gladiator)         Turns: 43106, Time: 02:30:12

Health: -6/165     AC: 38    Str: 42    XL:     22   Next: 7%
Magic:  0/29       EV: 25    Int: 19    God:    Okawaru [*****.]
Gold:   670        SH: 11    Dex: 21    Spells: 21/21 levels left

rFire    + . .     SeeInvis +   f - +8 long sword of Anger {vamp, +Inv rPois Int+4 Stlth+}
rCold    . . .     Faith    +   O - +1 buckler of Bad Feelings {Rampage Str+8 Stlth+}
rNeg     + . .     Spirit   +   e - +7 plate armour of the Elven Halls {rPois rN+ Dex-2}
rPois    +         Reflect  .   (helmet unavailable)
rElec    .         Harm     .   n - +2 cloak
rCorr    .         Rampage  +   U - +2 pair of gloves {Dex+3}
MR       +....                  c - +1 pair of boots {Stlth+}
Stlth    ++++......             H - amulet of faith
HPRegen  4.37/turn              w - +6 ring of strength
MPRegen  0.42/turn              T - ring of Zayzorule {Str+3 Int+6 Dex+5}

@: heroism, finesse
A: claws 1, horns 3, see invisible, clumsy 1, fire resistance 1, powered by
death 3, strong 1, magic shield, magic regeneration, magic link, no potion heal
1, flame cloud immunity, sturdy frame 2
}: 2/15 runes: decaying, serpentine
a: Heroism, Finesse, Renounce Religion, Evoke Invisibility


You were on level 3 of the Elven Halls.
You worshipped Okawaru.
Okawaru was extremely pleased with you.
You visited 8 branches of the dungeon, and saw 37 of its levels.
You visited the Abyss 1 time.
You also visited: Volcano.

You collected 4152 gold pieces.
You spent 3482 gold pieces at shops.

Inventory:

Hand Weapons
 f - the +8 long sword of Anger (weapon) {vamp, +Inv rPois Int+4 Stlth+}
   (Okawaru gifted it to you on level 4 of the Snake Pit)

   It inflicts no extra harm, but heals its wielder when it wounds a living foe.
   It affects your intelligence (+4).
   It protects you from poison.
   It lets you turn invisible.
   It makes you more stealthy.
 g - the +5 long sword "Vuesoyhoto" {vamp, rC+ Str-4 Dex+6}
   (Okawaru gifted it to you on level 1 of the Vaults)

   It inflicts no extra harm, but heals its wielder when it wounds a living foe.
   It affects your strength (-4).
   It affects your dexterity (+6).
   It protects you from cold.
 i - the +9 double sword of Eternal Vigilance {drain, Int+2}
   (You acquired it on level 5 of the Lair of Beasts)

   A truly terrible weapon, it drains the life of those it strikes.
   It affects your intelligence (+2).
 o - the +4 great sword "Ziomeyf" {freeze, rN++}
   (You bought it in a shop on level 1 of the Vaults)

   It has been specially enchanted to freeze those struck by it, causing extra
   injury to most foes and up to half again as much damage against particularly
   susceptible opponents.
   It can also slow down cold-blooded creatures.
   It greatly protects you from negative energy.
 y - the +3 scimitar "Huekhlam" {flame, MR+}
   (Okawaru gifted it to you on level 2 of the Vaults)

   It has been specially enchanted to burn those struck by it, causing extra
   injury to most foes and up to half again as much damage against particularly
   susceptible opponents.
   Big, fiery blades are also staple armaments of hydra-hunters.
   It affects your resistance to hostile enchantments.
 A - a +2 vorpal scimitar
 C - the +8 autumn katana {vorpal, Clar}
   (You bought it in a shop on level 1 of the Vaults)

   It inflicts extra damage upon your enemies.
   It protects you against confusion.
 D - the +9 long sword "Mud Pie of Death" {vorpal, rPois Dex+8}
   (Okawaru gifted it to you on level 4 of the Swamp)

   It inflicts extra damage upon your enemies.
   It affects your dexterity (+8).
   It protects you from poison.
 M - a +5 triple sword of electrocution
 R - the +3 great sword of the Many Leylines {pain, rN+ Dex+6 Stlth-}
   (You bought it in a shop on level 2 of the Snake Pit)

   In the hands of one skilled in necromantic magic, it inflicts extra damage on
   living creatures.
   It affects your dexterity (+6).
   It protects you from negative energy.
   It makes you less stealthy.
 X - the +9 sword of Zonguldrok {reap}
   (You found it on level 12 of the Dungeon)

   If a monster killed with it leaves a corpse in good enough shape, the corpse
   will be animated as a zombie friendly to the killer.
Armour
 c - a +1 pair of boots of stealth (worn)
 e - the +7 plate armour of the Elven Halls (worn) {rPois rN+ Dex-2}
   (You bought it in a shop on level 12 of the Dungeon)

   It affects your dexterity (-2).
   It protects you from poison.
   It protects you from negative energy.
 n - a +2 cloak (worn)
 q - a +1 tower shield of protection
 O - the +1 buckler of Bad Feelings (worn) {Rampage Str+8 Stlth+}
   (Okawaru gifted it to you on level 1 of the Swamp)

   It affects your strength (+8).
   It bestows one free step when moving towards enemies.
   It makes you more stealthy.
 Q - the +0 pair of gloves "Qesod" {Harm MR+ Dex-4}
   (Okawaru gifted it to you on level 3 of the Vaults)

   It affects your dexterity (-4).
   It affects your resistance to hostile enchantments.
   It increases damage dealt and taken.
 U - a +2 pair of gloves of dexterity (worn)
Jewellery
 t - the ring of Igaideri {rN++ MP+9 AC+4 Dex-4}
   (You found it on level 4 of the Swamp)

   [ring of protection]

   It affects your AC (+4).
   It affects your dexterity (-4).
   It greatly protects you from negative energy.
   It affects your magic capacity (+9).
 u - a +6 ring of dexterity
 w - a +6 ring of strength (left hand)
 F - the ring "Naxkeacw" {rC+ MR+ MP+9 Int-5}
   (You found it on level 4 of the Vaults)

   [ring of magical power]

   It affects your intelligence (-5).
   It protects you from cold.
   It affects your resistance to hostile enchantments.
   It affects your magic capacity (+9).
 H - an amulet of faith (around neck)
 J - an uncursed ring of protection from magic {unknown}
 T - the ring of Zayzorule (right hand) {Str+3 Int+6 Dex+5}
   (You acquired it on level 2 of the Elven Halls)

   [ring of intelligence]

   It affects your strength (+3).
   It affects your intelligence (+6).
   It affects your dexterity (+5).
 V - a +4 ring of protection
Wands
 b - a wand of enslavement (6)
 x - a wand of digging (8)
 z - a wand of iceblast (25)
 K - a wand of polymorph (14)
 S - a wand of paralysis (15)
Scrolls
 h - 2 scrolls of fog
 j - 24 scrolls of remove curse
 k - 4 scrolls of fear
 s - 6 scrolls of magic mapping
 v - 3 scrolls of enchant armour
 E - 6 scrolls of identify
 L - a scroll of blinking
 Y - 14 scrolls of teleportation
Potions
 d - 3 potions of heal wounds
 l - 3 potions of magic
 m - 5 potions of flight
 r - 2 potions of berserk rage
 B - 2 potions of resistance
 G - 2 potions of ambrosia
 I - 5 potions of might
 N - 2 potions of mutation
 P - a potion of haste
 W - 4 potions of curing
 Z - 3 potions of cancellation


   Skills:
 - Level 11.9(16.9) Fighting
   Level 8.2(19.7) Short Blades
 * Level 18.9(24.3) Long Blades
 - Level 1.7(6.7) Throwing
 + Level 17.8(22.8) Armour
 - Level 12.4(17.4) Dodging
 + Level 14.8(19.8) Shields
 - Level 9.8 Invocations
 - Level 12.4 Evocations


You had 21 spell levels left.
You didn't know any spells.
Your spell library contained the following spells:

 Spells                   Type           Power        Failure   Level
 Animate Skeleton         Necr           #.....       34%         1
 Apportation              Tloc           #.....       34%         1
 Beastly Appendage        Tmut           #.....       34%         1
 Corona                   Hex            #......      34%         1
 Foxfire                  Conj/Fire      #...         34%         1
 Magic Dart               Conj           #...         34%         1
 Pain                     Necr           #...         34%         1
 Shock                    Conj/Air       #...         34%         1
 Summon Small Mammal      Summ           #...         34%         1
 Blink                    Tloc           N/A          47%         2
 Call Imp                 Summ           #.......     47%         2
 Corpse Rot               Necr/Air       N/A          47%         2
 Ensorcelled Hibernation  Hex/Ice        #.....       47%         2
 Searing Ray              Conj           #.....       47%         2
 Slow                     Hex            #.......     47%         2
 Sublimation of Blood     Necr           #.........   47%         2
 Wereblood                Tmut           #.......     47%         2
 Call Canine Familiar     Summ           #.......     71%         3
 Confusing Touch          Hex            #.......     71%         3
 Conjure Flame            Conj/Fire      #.......     71%         3
 Dazzling Flash           Conj/Hex       #.....       71%         3
 Ignite Poison            Fire/Tmut/Pois #.......     71%         3
 Inner Flame              Hex/Fire       #.......     71%         3
 Mephitic Cloud           Conj/Pois/Air  #.......     71%         3
 Ozocubu's Armour         Ice            #.......     71%         3
 Spider Form              Tmut/Pois      #.........   71%         3
 Stone Arrow              Conj/Erth      #.....       71%         3
 Tukima's Dance           Hex            #.......     71%         3
 Vampiric Draining        Necr           #.........   71%         3
 Animate Dead             Necr           #.........   98%         4
 Ice Form                 Ice/Tmut       #.......     98%         4
 Sticky Flame             Conj/Fire      #.......     98%         4
 Agony                    Necr           #.......     100%        5
 Blade Hands              Tmut           #.........   100%        5
 Bolt of Magma            Conj/Fire/Erth #.........   100%        5
 Excruciating Wounds      Necr           #.........   100%        5
 Fireball                 Conj/Fire      #.........   100%        5
 Iskenderun's Battlesphe  Conj           #.......     100%        5
 Metabolic Englaciation   Hex/Ice        #.........   100%        5
 Summon Demon             Summ           #.........   100%        5
 Summon Forest            Summ/Tloc      #.........   100%        5
 Death Channel            Necr           #.........   100%        6
 Eringya's Noxious Bog    Tmut/Pois      #.........   100%        6
 Freezing Cloud           Conj/Ice/Air   #.........   100%        6
 Hydra Form               Tmut           #.........   100%        6
 Iron Shot                Conj/Erth      #.........   100%        6
 Ozocubu's Refrigeration  Ice            #.........   100%        6
 Simulacrum               Ice/Necr       #.........   100%        6
 Starburst                Conj/Fire      #.........   100%        6
 Dragon Form              Tmut           #.........   100%        7
 Malign Gateway           Summ/Tloc      #.........   100%        7
 Orb of Destruction       Conj           #.........   100%        7
 Spellforged Servitor     Conj/Summ      #.........   100%        7
 Summon Hydra             Summ           #.........   100%        7
 Ignition                 Fire           #.........   100%        8


Dungeon Overview and Level Annotations

Branches:
Dungeon (13/15)            Temple (1/1) D:5            Lair (6/6) D:8
  Swamp (4/4) Lair:4        Snake (4/4) Lair:3        Slime (0/5) Lair:5
    Orc (2/2) D:12            Elf (3/3) Orc:2        Vaults (4/5) D:13
  Crypt (0/3) Vaults:3    Volcano (visited)

Altars:
Ashenzari
Cheibriados
Dithmenos
Elyvilon
Fedhas
Gozag
Hepliaklqana
Kikubaaqudgha
Makhleb
Nemelex Xobeh
Okawaru
Qazlal
Ru
Sif Muna
Trog
Uskayaw
Vehumet
Wu Jian
Xom
Yredelemnul
Zin
The Shining One
Beogh

Shops:
D:7 }   D:11 }   D:12 *}*   Orc:2 ?=([(*   Elf:1 *   Elf:3 *   Snake:1 }==
Snake:2 *   Vaults:1 *(:[(   Vaults:4 *

Portals:
Trove: Elf:2 (give 12 potions of heal wounds)


Innate Abilities, Weirdness & Mutations

You have a pair of large horns on your head.
Your flesh is heat resistant. (rF+)
You regenerate a lot of health from kills.
When hurt, damage is shared between your health and your magic reserves.
You regenerate magic rapidly.
When low on magic, you restore magic in place of health.
You are immune to clouds of flame.
Your movements are less encumbered by armour. (ER -4)
You have sharp fingernails.
You have supernaturally acute eyesight. (SInv)
You are clumsy. (Dex -2)
Your muscles are strong. (Str +2)
Potions are less effective at restoring your health.


Message History

A deep elf sorcerer comes into view. It is wielding a +0 short sword.
Your system partially rejects the healing.
You feel much better.
The deep elf demonologist mumbles some strange words.
The deep elf high priest invokes the aid of its god against you.
The sphere of damnation explodes!
The damnation engulfs you!!
* * * LOW HITPOINT WARNING * * *
The deep elf annihilator casts a spell.
The deep elf annihilator blinks!
You hear a roar!
The neqoxec disappears in a puff of smoke!
The deep elf master archer wields a +0 longbow.
The deep elf master archer shoots an arrow.
The arrow barely misses you.
The deep elf high priest invokes the aid of its god against you.
The sphere of damnation explodes!
The damnation engulfs you!!!
* * * LOW HITPOINT WARNING * * *
The deep elf high priest mumbles some strange prayers to its god against you.
The sphere of damnation explodes!
The damnation engulfs you!!
You die...

. ###+ #. ..... #.
..... #...# ...⌠.. .
##...## #e.....
.e###...e.###.......
§..e..e4e...@..(#
#.55...eee§.?.###
#.2...e...###
#..1§.### ###e##
#e)4# #4e)# #
#.e3###
########.##)##.###


You could see a Tzitzimitl (summoned), a deep elf master archer, 3 deep elf
annihilators, a deep elf sorcerer (empowered), a deep elf demonologist, 4 deep
elf high priests and a rust devil (summoned).

Vanquished Creatures
  An ancient lich (Vaults:4)
  Sojobo (Vaults:3)
  the Lernaean hydra (Swamp:4)
  Saint Roka (Vaults:3)
  The ghost of Droegar the Slayer, an adept MiBe of Trog (Vaults:3)
  The ghost of lunkers the Acrobat, an adept KoDe of Trog (Vaults:4)
  5 liches
  Jorgrun (Swamp:1)
  Asterion (Vaults:3)
  3 deep elf master archers (Elf:3)
  A titan (Vaults:4)
  3 deep elf blademasters
  The ghost of HellBreezer the Peltast, an adept HOMo of Beogh (Swamp:4)
  2 thorn hunters (Swamp:4)
  A tentacled starspawn (Abyss:4)
  A sphinx (Vaults:2)
  Kirke (Snake:2)
  4 tengu reavers
  Donald (Swamp:3)
  9 nagarajas
  13 vault wardens
  A fire giant (Vaults:2)
  Louise (Swamp:4)
  6 deep elf sorcerers
  A ghoul (Vaults:3)
  3 deep elf elementalists (Elf:3)
  6 very ugly things
  15 ironheart preservers
  2 stone giants (Vaults:3)
  7 entropy weavers
  6 deep elf demonologists
  The ghost of Plazmod the Devastator, a journeyman DECj of Vehumet (Lair:5)
  4 deep elf annihilators
  2 fire dragons
  The ghost of bronco the Fighter, a journeyman BaFi of Okawaru (Orc:2)
  4 ettins
  2 deep elf death magi
  A crystal guardian (Vaults:4)
  6 yaktaur captains
  2 deep elf high priests (Elf:3)
  6 great orbs of eyes
  A spectral shadow dragon (Vaults:3)
  2 rakshasas
  5 boulder beetles
  A spectral golden dragon (Vaults:3)
  9 vault guards
  Harold (D:8)
  11 ogre magi
  4 ice dragons
  16 hydras
  13 naga warriors
  2 death knights (Vaults:3)
  A spectral sphinx (Vaults:3)
  A spectral stone giant (Vaults:3)
  2 ghost crabs
  A catoblepas (Lair:3)
  10 centaur warriors
  A queen ant (Lair:4)
  5 anacondas
  18 two-headed ogres
  A deep troll shaman (Vaults:1)
  2 tengu warriors (D:11)
  8 alligators
  12 naga sharpshooters
  3 death yaks (D:8)
  3 thrashing horrors (Abyss:4)
  A spectral elf (Vaults:3)
  21 dancing weapons
  A deep troll earth mage (Vaults:1)
  16 deep elf knights
  3 orc high priests (Orc:2)
  5 shock serpents
  Sonja (Orc:2)
  Nergalle (Orc:1)
  16 spriggans
  A shadow wraith (Vaults:2)
  A sun demon (Abyss:4)
  3 spectral humans (Vaults:3)
  A sixfirhy (Abyss:4)
  2 wretched stars (Abyss:4)
  A spatial maelstrom (Abyss:4)
  A hell knight (Volcano)
  2 salamander mystics
  2 skeletal warriors (Vaults:3)
  16 swamp dragons
  8 deep trolls
  An orange crystal statue (Vaults:4)
  2 unseen horrors
  5 wizards
  9 naga ritualists
  7 harpies
  16 ironbrand convokers
  3 phantasmal warriors (Vaults:3)
  11 mana vipers
  A spectral hydra (Swamp:4)
  9 orc knights
  An orb spider (shapeshifter) (Vaults:1)
  62 deep elf magi
  27 ugly things
  15 deep elf archers
  A shining eye (Abyss:4)
  A wolf spider zombie (D:13)
  5 orc sorcerers
  5 cyclopes
  An oklob plant (Lair:2)
  3 wolf spiders
  4 salamanders
  15 vault sentinels
  2 moths of wrath (Lair:5)
  A manticore (D:12)
  2 smoke demons
  36 black mambas
  12 elephants
  2 molten gargoyles (Volcano)
  2 cane toads (shapeshifter)
  Joseph (D:10)
  2 torpor snails (Lair:6)
  23 cane toads
  28 naga magi
  3 guardian serpents
  A gargoyle (D:11)
  5 rime drakes
  10 komodo dragons
  6 freezing wraiths
  32 yaktaurs
  8 trolls
  An ancient zyme (Abyss:4)
  An entropy weaver simulacrum (Vaults:3)
  A red devil (Volcano)
  A wolf spider simulacrum (Vaults:1)
  A tengu simulacrum (Vaults:3)
  14 hornets
  A wind drake (shapeshifter) (Vaults:4)
  6 polar bears
  A raiju (shapeshifter) (Vaults:1)
  4 tyrant leeches
  9 blink frogs
  7 raiju (Abyss:4)
  A stone giant simulacrum (Vaults:3)
  17 slime creatures
  Prince Ribbit (D:5)
  5 dream sheep (Lair:6)
  7 bog bodies
  An air elemental (Elf:2)
  9 redbacks
  A spectral tyrant leech (Swamp:4)
  3 water elementals
  4 starcursed masses (Abyss:4)
  A tarantella (Vaults:2)
  A yak (shapeshifter) (Vaults:2)
  2 fire bats (Volcano)
  A vampire (Abyss:4)
  6 wyverns
  48 yaks
  8 wraiths
  2 chaos spawn (Abyss:4)
  A fire elemental (Elf:1)
  39 vampire mosquitoes
  A basilisk (shapeshifter) (Elf:1)
  6 large abominations (Abyss:4)
  5 basilisks
  4 hogs (Snake:2)
  Edmund (D:5)
  6 insubstantial wisps (Swamp:4)
  46 nagas
  Menkaure (D:5)
  2 wargs (Orc:1)
  A naga (shapeshifter) (Vaults:4)
  17 swamp worms
  2 hell hounds (Volcano)
  2 acid dragons
  13 water moccasins
  21 soldier ants (Lair:4)
  A spatial vortex (Abyss:4)
  Duvessa (D:7)
  2 hydra simulacra (Swamp:4)
  39 orc warriors
  A sky beast (D:12)
  3 phantoms
  13 swamp drakes
  An ettin simulacrum (Vaults:3)
  A necrophage (D:9)
  3 ice beasts
  6 black bears
  An eye of draining (D:11)
  27 wolves
  5 boggarts
  2 small abominations (Abyss:4)
  28 ogres
  25 centaurs
  A tyrant leech simulacrum (Swamp:4)
  3 big kobolds
  19 bullfrogs
  A wyvern zombie (D:11)
  A cane toad simulacrum (Swamp:4)
  A glowing shapeshifter simulacrum (Vaults:3)
  3 earth elementals
  2 wyvern skeletons
  Dowan (D:7)
  2 human simulacra
  A scorpion (D:6)
  3 killer bees (D:10)
  An electric eel (Lair:4)
  3 wights (D:11)
  6 howler monkeys
  A bullfrog zombie (D:11)
  4 lava snakes (Volcano)
  A quasit (D:7)
  A gnoll shaman (D:8)
  8 hounds
  4 jellies
  28 orc wizards
  4 bullfrog skeletons
  23 orc priests
  Ijyb (D:4)
  Natasha (thrice) (D:3)
  2 iguanas (D:6)
  19 worker ants
  8 hell rats
  2 worker ant zombies
  A howler monkey zombie (D:6)
  2 howler monkey skeletons
  12 gnolls
  7 river rats
  6 adders
  3 shadow imps
  5 white imps
  2 ufetubi
  4 oozes (Lair:5)
  An adder skeleton (D:9)
  An adder zombie (D:9)
  2 worms
  3 dart slugs (D:1)
  3 leopard geckos
  106 orcs
  2 ball pythons (D:1)
  8 bats
  9 giant cockroaches
  2 gnoll zombies (D:5)
  10 goblins
  9 hobgoblins
  6 jackals
  5 quokkas
  3 frilled lizards
  24 kobolds
  A leopard gecko skeleton (D:4)
  2 quokka zombies
  8 rats
  4 briar patches (Swamp:4)
  A bush (Lair:2)
  A starspawn tentacle (Abyss:4)
1648 creatures vanquished.

Vanquished Creatures (collateral kills)
  A nagaraja (Snake:4)
  A naga warrior (Snake:4)
  2 naga sharpshooters (Snake:4)
  2 naga magi (Snake:4)
  A komodo dragon (Lair:4)
  3 blink frogs
  A yak (Lair:3)
  A soldier ant (Lair:4)
  A water moccasin (Lair:4)
  A bullfrog (Lair:1)
  A river rat (Lair:1)
  A rat (Lair:1)
16 creatures vanquished.

Vanquished Creatures (others)
  A deep elf annihilator (Elf:3)
  A dancing weapon (Elf:1)
  4 deep elf magi
  A redback (Vaults:4)
  A human (Snake:2)
  An orc warrior (Vaults:3)
  A wolf (Lair:5)
  2 orcs (D:6)
  2 briar patches (Swamp:4)
  23 fungi
  43 plants
  4 starspawn tentacles (Abyss:4)
84 creatures vanquished.

Grand Total: 1748 creatures vanquished

Notes
Turn   | Place    | Note
-------+----------+-------------------------------------------
     0 | D:1      | corevian the Demonspawn Gladiator began the quest for the
                  | Orb.
     0 | D:1      | Reached XP level 1. HP: 16/16 MP: 1/1
     7 | D:1      | Noticed a wyvern
     7 | D:1      | Noticed a salamander
     7 | D:1      | Noticed a redback
     7 | D:1      | Noticed a swamp worm
     7 | D:1      | Noticed a polar bear
   116 | D:1      | Reached skill level 3 in Long Blades
   122 | D:1      | Gained mutation: You have a pair of small horns on your
                  | head. [demonic ancestry]
   122 | D:1      | Reached XP level 2. HP: 20/22 MP: 2/2
   620 | D:1      | Gained mutation: You have a pair of horns on your head.
                  | [demonic ancestry]
   620 | D:1      | Reached XP level 3. HP: 27/27 MP: 3/3
  1394 | D:2      | Found a hide-covered altar of Uskayaw.
  1472 | D:2      | Reached skill level 1 in Armour
  1539 | D:2      | Gained mutation: You regenerate a little health from kills.
                  | [demonic ancestry]
  1539 | D:2      | Reached XP level 4. HP: 23/34 MP: 4/4
  2034 | D:3      | Noticed Natasha
  2038 | D:3      | Killed Natasha
  2038 | D:3      | Reached skill level 1 in Shields
  2117 | D:3      | Reached skill level 4 in Long Blades
  2149 | D:3      | Noticed Natasha
  2159 | D:3      | Killed Natasha
  2159 | D:3      | Reached XP level 5. HP: 17/40 MP: 5/5
  2353 | D:3      | Noticed Natasha
  2361 | D:3      | Killed Natasha
  2540 | D:3      | Found a shimmering altar of Xom.
  2541 | D:3      | Found a radiant altar of Vehumet.
  2545 | D:3      | Found a broken altar of Ashenzari.
  2671 | D:4      | Found a shadowy altar of Dithmenos.
  2717 | D:4      | Noticed Ijyb
  2717 | D:4      | Paralysed by Ijyb for 5 turns
  2724 | D:4      | Paralysed by Ijyb for 4 turns
  2745 | D:4      | Killed Ijyb
  2861 | D:4      | Noticed an ogre
  2871 | D:4      | Gained mutation: When hurt, damage is shared between your
                  | health and your magic reserves. [demonic ancestry]
  2871 | D:4      | Reached XP level 6. HP: 47/47 MP: 6/6
  2966 | D:4      | Reached skill level 5 in Long Blades
  3341 | D:5      | Entered Level 5 of the Dungeon
  3341 | D:5      | Noticed Menkaure
  3349 | D:5      | Killed Menkaure
  3349 | D:5      | Gained mutation: Your movements are slightly less
                  | encumbered by armour. (ER -2) [demonic ancestry]
  3349 | D:5      | Reached XP level 7. HP: 28/53 MP: 4/7
  3498 | D:5      | Noticed Prince Ribbit
  3564 | D:5      | Killed Prince Ribbit
  3634 | D:5      | Noticed Edmund
  3668 | D:5      | Killed Edmund
  3879 | D:5      | Found a broken altar of Ashenzari.
  3965 | D:5      | Reached skill level 6 in Long Blades
  3999 | D:5      | Found a staircase to the Ecumenical Temple.
  4177 | Temple   | Entered the Ecumenical Temple
  4249 | Temple   | Became a worshipper of Warmaster Okawaru
  4604 | D:5      | Found a basalt altar of Yredelemnul.
  4665 | D:6      | Reached XP level 8. HP: 50/61 MP: 6/8
  4991 | D:6      | Reached skill level 5 in Fighting
  5000 | D:6      | Reached * piety under Okawaru
  5100 | D:6      | Reached skill level 7 in Long Blades
  5498 | D:6      | Found a stormy altar of Qazlal.
  5884 | D:7      | Found an ornate altar of the Wu Jian Council.
  6082 | D:7      | Noticed Dowan
  6083 | D:7      | Noticed Duvessa
  6095 | D:7      | Killed Dowan
  6095 | D:7      | Gained mutation: Your movements are less encumbered by
                  | armour. (ER -4) [demonic ancestry]
  6095 | D:7      | Reached XP level 9. HP: 65/68 MP: 7/9
  6096 | D:7      | Killed Duvessa
  6251 | D:7      | Found Xacamn's Gadget Emporium.
  6410 | D:8      | Found a shimmering blue altar of Sif Muna.
  6490 | D:8      | Noticed Harold
  6508 | D:8      | Got a transparent rapier
  6509 | D:8      | Identified the +9 rapier "Gaawkom" {vamp, *Noise Fragile
                  | MR+++ Stlth+} (You found it on level 8 of the Dungeon)
  6524 | D:8      | Reached ** piety under Okawaru
  6529 | D:8      | Found a bloodstained altar of Trog.
  6564 | D:8      | Killed Harold
  6564 | D:8      | Reached skill level 8 in Long Blades
  6564 | D:8      | Reached skill level 5 in Armour
  6564 | D:8      | Reached skill level 5 in Shields
  6921 | D:8      | Found a hazy altar of Hepliaklqana.
  7057 | D:8      | Found a staircase to the Lair.
  7063 | D:8      | Noticed a death yak
  7065 | D:8      | Noticed a death yak
  7067 | D:8      | Reached skill level 1 in Short Blades
  7068 | D:8      | Noticed a death yak
  7372 | D:9      | Noticed a troll
  7387 | D:9      | Killed a troll
  7387 | D:9      | Reached *** piety under Okawaru
  7389 | D:9      | Noticed a troll
  7631 | D:8      | Gained mutation: You regenerate health from kills. [demonic
                  | ancestry]
  7631 | D:8      | Reached XP level 10. HP: 77/77 MP: 7/10
  7650 | D:8      | Killed a death yak
  7650 | D:8      | Reached skill level 9 in Long Blades
  7663 | D:8      | Killed a death yak
  7672 | D:8      | Killed a death yak
  8030 | D:8      | Reached **** piety under Okawaru
  8092 | D:9      | Noticed a two-headed ogre
  8103 | D:8      | Killed a two-headed ogre
  8619 | D:10     | Entered Level 10 of the Dungeon
  8669 | D:10     | Reached ***** piety under Okawaru
  8691 | D:10     | Reached XP level 11. HP: 70/84 MP: 7/11
  9046 | D:10     | Noticed Joseph
  9063 | D:10     | Killed Joseph
  9063 | D:10     | Reached skill level 5 in Short Blades
  9465 | D:10     | Got a crystal mace
  9467 | D:10     | Identified the +7 mace of Wondrous Power {holy, rElec rPois
                  | rF+ Str+3} (You found it on level 10 of the Dungeon)
  9487 | D:10     | Reached skill level 10 in Long Blades
  9826 | D:11     | Received a gift from Okawaru
  9831 | D:11     | Noticed a centaur warrior
  9835 | D:11     | Noticed a boulder beetle
  9835 | D:11     | Noticed an ogre mage
  9962 | D:11     | Noticed a purple ugly thing
  9974 | D:11     | Killed a purple ugly thing
 10132 | D:11     | Got a colourful robe {god gift}
 10145 | D:11     | Identified the +1 robe "Peepyino" {Rampage Str-4 Int-2
                  | Dex+9} (Okawaru gifted it to you on level 11 of the
                  | Dungeon)
 10178 | D:11     | Found a basalt altar of Yredelemnul.
 10421 | D:11     | Found Rotrih's Gadget Boutique.
 10689 | D:11     | Killed an ogre mage
 10788 | D:11     | Killed a boulder beetle
 10799 | D:11     | Noticed a tengu warrior
 10885 | D:11     | Noticed a tengu warrior
 10915 | D:11     | Killed a tengu warrior
 10915 | D:11     | Received a gift from Okawaru
 10942 | D:11     | Noticed an ettin
 10956 | D:11     | Killed an ettin
 10956 | D:11     | Received a gift from Okawaru
 10956 | D:11     | Reached skill level 11 in Long Blades
 10956 | D:11     | Reached XP level 12. HP: 76/94 MP: 7/12
 11033 | D:11     | Identified the Papyrus of Blows and Bruises
 11348 | D:11     | Killed a tengu warrior
 11667 | D:12     | Reached ****** piety under Okawaru
 11714 | D:12     | Found Gipuathu's Assorted Antiques.
 11832 | D:12     | Received a gift from Okawaru
 11954 | D:12     | Found Meotij's Gadget Boutique.
 12055 | D:12     | Found Zacwirix's General Store.
 12228 | D:12     | Found the +9 sword of Zonguldrok {reap}
 12524 | D:12     | Found a staircase to the Orcish Mines.
 12636 | D:12     | Bought a steaming plate armour for 896 gold pieces
 12636 | D:12     | Identified the +7 plate armour of the Elven Halls {rPois
                  | rN+ Dex-2} (You bought it in a shop on level 12 of the
                  | Dungeon)
 12696 | D:11     | Killed a centaur warrior
 12750 | Lair:1   | Entered Level 1 of the Lair of Beasts
 13048 | Lair:1   | Reached skill level 12 in Long Blades
 13123 | Lair:1   | Gained mutation: You have a pair of large horns on your
                  | head. [demonic ancestry]
 13123 | Lair:1   | Reached XP level 13. HP: 91/101 MP: 13/13
 13233 | Lair:1   | Received a gift from Okawaru
 13680 | Lair:1   | Received a gift from Okawaru
 14354 | Lair:2   | Got a shimmering robe
 14747 | Lair:2   | Reached skill level 10 in Fighting
 15121 | Lair:3   | Found a staircase to the Snake Pit.
 15281 | Lair:3   | Received a gift from Okawaru
 15544 | Lair:3   | Found a gate leading to a gauntlet.
 15684 | Lair:3   | Reached skill level 13 in Long Blades
 16158 | Lair:4   | Identified Rotserei's Reference Book on Warped
                  | Transmutation
 16705 | Lair:4   | Found a staircase to the Swamp.
 16831 | Lair:4   | Received a gift from Okawaru
 17071 | Lair:4   | Reached XP level 14. HP: 111/111 MP: 6/14
 17075 | Lair:4   | Noticed an entropy weaver
 17077 | Lair:4   | Received a gift from Okawaru
 17103 | Lair:4   | Noticed an entropy weaver
 17133 | Lair:4   | Killed an entropy weaver
 17173 | Lair:4   | Killed an entropy weaver
 17675 | Lair:5   | Found a transporter.
 17675 | Lair:5   | Noticed Plazmod's ghost (journeyman DECj)
 17890 | Lair:5   | Found a transporter.
 17966 | Lair:5   | Found a staircase to the Slime Pits.
 18737 | Lair:5   | Killed Plazmod's ghost
 18952 | Lair:5   | Gained mutation: Your spells are a little harder to cast,
                  | but a little more powerful. [potion of mutation]
 18952 | Lair:5   | Gained mutation: Your flesh is cold resistant. (rC+)
                  | [potion of mutation]
 18952 | Lair:5   | Gained mutation: You are resistant to electric shocks.
                  | (rElec) [potion of mutation]
 18954 | Lair:5   | Lost mutation: Your spells are a little harder to cast, but
                  | a little more powerful. [potion of mutation]
 18954 | Lair:5   | Lost mutation: You are resistant to electric shocks.
                  | (rElec) [potion of mutation]
 18954 | Lair:5   | Lost mutation: Your flesh is cold resistant. (rC+) [potion
                  | of mutation]
 18954 | Lair:5   | Gained mutation: You do not regenerate when monsters are
                  | visible. [potion of mutation]
 18954 | Lair:5   | Gained mutation: You are agile. (Dex +2) [potion of
                  | mutation]
 18954 | Lair:5   | Gained mutation: You expend magic power (3 MP) to
                  | strengthen your wands. [potion of mutation]
 18955 | Lair:5   | Lost mutation: You are agile. (Dex +2) [potion of mutation]
 18955 | Lair:5   | Lost mutation: You expend magic power (3 MP) to strengthen
                  | your wands. [potion of mutation]
 18955 | Lair:5   | Lost mutation: You do not regenerate when monsters are
                  | visible. [potion of mutation]
 18955 | Lair:5   | Gained mutation: You are weak. (Str -2) [potion of
                  | mutation]
 18955 | Lair:5   | Gained mutation: You have sharp fingernails. [potion of
                  | mutation]
 18956 | Lair:5   | Lost mutation: You are weak. (Str -2) [potion of mutation]
 18956 | Lair:5   | Gained mutation: You are clumsy. (Dex -2) [potion of
                  | mutation]
 18956 | Lair:5   | Gained mutation: You have supernaturally acute eyesight.
                  | (SInv) [potion of mutation]
 18956 | Lair:5   | Gained mutation: Your muscles are strong. (Str +2) [potion
                  | of mutation]
 19029 | Lair:5   | Identified a scroll of acquirement
 19029 | Lair:5   | Acquired the +9 double sword of Eternal Vigilance {drain,
                  | Int+2}
 19076 | Lair:6   | Entered Level 6 of the Lair of Beasts
 19111 | Lair:6   | Reached skill level 10 in Armour
 19133 | Lair:6   | Reached skill level 10 in Shields
 19149 | Lair:6   | Reached skill level 14 in Long Blades
 19304 | Lair:6   | Found a dark tunnel.
 19312 | Volcano  | Entered a volcano
 19631 | Volcano  | Found a radiant altar of Vehumet.
 20065 | Lair:6   | Received a gift from Okawaru
 20073 | Lair:6   | Got a topaz-encrusted chain mail {god gift}
 20101 | Lair:6   | Identified the +1 chain mail "Huim Vis" {Dex+4} (Okawaru
                  | gifted it to you on level 6 of the Lair of Beasts)
 20757 | Lair:6   | Identified Sif Muna's Handbook of Glacial Sinister Arts
 21509 | Orc:1    | Entered Level 1 of the Orcish Mines
 21540 | Orc:2    | Entered Level 2 of the Orcish Mines
 21573 | Orc:2    | Found a roughly hewn altar of Beogh.
 21582 | Orc:2    | Noticed Sonja
 21615 | Orc:2    | Killed Sonja
 21615 | Orc:2    | Gained mutation: You regenerate magic rapidly. [demonic
                  | ancestry]
 21615 | Orc:2    | Reached XP level 15. HP: 118/120 MP: 15/15
 21671 | Orc:2    | Found Siduc's Assorted Antiques.
 21799 | Orc:2    | Found a staircase to the Elven Halls.
 21801 | Orc:2    | Found a runed translucent gate.
 21835 | Orc:2    | Found a runed translucent gate.
 21835 | Orc:2    | Found a runed translucent gate.
 21842 | Orc:2    | Noticed bronco's ghost (journeyman BaFi)
 21872 | Orc:2    | Killed bronco's ghost
 22364 | Orc:2    | Found Warar's Weapon Shoppe.
 22428 | Orc:2    | Received a gift from Okawaru
 22449 | Orc:2    | Found Ziociaj's Jewellery Shoppe.
 22449 | Orc:2    | Found Edeur's Magic Scroll Shop.
 22454 | Orc:2    | Found Byorchonn's Antique Armour Shoppe.
 22454 | Orc:2    | Found Lonaor's Weapon Shop.
 22465 | Orc:2    | Bought a scroll of teleportation for 45 gold pieces
 22465 | Orc:2    | Bought a scroll of teleportation for 45 gold pieces
 22465 | Orc:2    | Bought 3 scrolls of identify for 90 gold pieces
 22647 | Orc:1    | Reached skill level 15 in Long Blades
 22647 | Orc:1    | Reached skill level 1 in Evocations
 22648 | Orc:1    | Noticed Nergalle
 22657 | Orc:1    | Killed Nergalle
 23492 | D:13     | Got a blackened spear
 23772 | D:13     | Identified the +8 spear of Muntenguygun {vorpal, rElec MR+
                  | Dex+2} (You found it on level 13 of the Dungeon)
 23881 | D:13     | Received a gift from Okawaru
 23884 | D:13     | Got a crude dagger {god gift}
 23888 | D:13     | Identified the +4 dagger of Cudaab Jeck {vorpal, Dex+5}
                  | (Okawaru gifted it to you on level 13 of the Dungeon)
 24051 | D:13     | Found a gate to the Vaults.
 24451 | Snake:1  | Entered Level 1 of the Snake Pit
 24740 | Snake:1  | Reached skill level 5 in Evocations
 24921 | Snake:1  | Got a smouldering trident
 24925 | Snake:1  | Received a gift from Okawaru
 25169 | Snake:1  | Found Turumeus's Jewellery Shop.
 25170 | Snake:1  | Found Moysch's Gadget Shoppe.
 25171 | Snake:1  | Found Nutzis's Jewellery Shop.
 25371 | Snake:2  | Received a gift from Okawaru
 25371 | Snake:2  | Reached XP level 16. HP: 87/127 MP: 5/16
 25452 | Snake:2  | Got an ancient broad axe {god gift}
 25453 | Snake:2  | Identified the +0 broad axe of the Pill Bug {freeze, *Rage
                  | Str+9} (Okawaru gifted it to you on level 2 of the Snake
                  | Pit)
 25612 | Snake:2  | Noticed Kirke
 25638 | Snake:2  | Killed Kirke
 26134 | Snake:2  | Found Sitiol's Assorted Antiques.
 26151 | Snake:2  | Bought a brightly glowing great sword for 460 gold pieces
 26156 | Snake:2  | Identified the cursed +3 great sword of the Many Leylines
                  | {pain, rN+ Dex+6 Stlth-} (You bought it in a shop on level
                  | 2 of the Snake Pit)
 26574 | Snake:3  | Received a gift from Okawaru
 27054 | Snake:4  | Entered Level 4 of the Snake Pit
 27098 | Snake:4  | Received a gift from Okawaru
 27422 | Snake:4  | Received a gift from Okawaru
 27453 | Snake:4  | HP: 6/127 [nagaraja/+0 club (3)]
 27454 | Snake:4  | HP: 2/127 [poisoned by a nagaraja (splash of poison)]
 27899 | Snake:4  | Reached skill level 10 in Evocations
 27903 | Snake:4  | Gained mutation: You regenerate a lot of health from kills.
                  | [demonic ancestry]
 27903 | Snake:4  | Reached XP level 17. HP: 125/133 MP: 17/17
 28147 | Snake:4  | Reached skill level 5 in Dodging
 28160 | Snake:4  | Received a gift from Okawaru
 28275 | Snake:4  | Got a serpentine rune of Zot
 28522 | Snake:4  | Got an iridescent long sword {god gift}
 28527 | Snake:4  | Got a creamy pearl robe {god gift}
 28528 | Snake:4  | Identified the +8 long sword of Anger {vamp, +Inv rPois
                  | Int+4 Stlth+} (Okawaru gifted it to you on level 4 of the
                  | Snake Pit)
 28539 | Snake:4  | Identified the +1 robe of the Little Devil {rC+ Str+2
                  | Slay+2 Stlth+} (Okawaru gifted it to you on level 4 of the
                  | Snake Pit)
 28721 | Swamp:1  | Entered Level 1 of the Swamp
 28793 | Swamp:1  | Noticed Jorgrun
 28809 | Swamp:1  | Killed Jorgrun
 29231 | Swamp:1  | Found a shadowy altar of Dithmenos.
 29243 | Swamp:1  | Received a gift from Okawaru
 29272 | Swamp:1  | Got a masterwork buckler {god gift}
 29287 | Swamp:1  | Identified the +1 buckler of Bad Feelings {Rampage Str+8
                  | Stlth+} (Okawaru gifted it to you on level 1 of the Swamp)
 30429 | Swamp:3  | Noticed Donald
 30455 | Swamp:3  | Killed Donald
 30708 | Swamp:3  | Reached skill level 16 in Long Blades
 31058 | Swamp:4  | Entered Level 4 of the Swamp
 31501 | Swamp:4  | Found a transporter.
 31501 | Swamp:4  | Noticed HellBreezer's ghost (adept HOMo)
 31584 | Swamp:4  | Found a transporter.
 31725 | Swamp:4  | Received a gift from Okawaru
 31753 | Swamp:4  | Noticed Louise
 31758 | Swamp:4  | Got a heavily runed glass ring
 31769 | Swamp:4  | Killed Louise
 31781 | Swamp:4  | Got a polished long sword {god gift}
 31787 | Swamp:4  | Identified the ring of Igaideri {rN++ MP+9 AC+4 Dex-4} (You
                  | found it on level 4 of the Swamp)
 31788 | Swamp:4  | Identified the +9 long sword "Mud Pie of Death" {vorpal,
                  | rPois Dex+8} (Okawaru gifted it to you on level 4 of the
                  | Swamp)
 32134 | Swamp:4  | Noticed the 27-headed Lernaean hydra
 32543 | Swamp:4  | Killed HellBreezer's ghost
 32543 | Swamp:4  | Gained mutation: Your flesh is heat resistant. (rF+)
                  | [demonic ancestry]
 32543 | Swamp:4  | Reached XP level 18. HP: 140/140 MP: 13/18
 32885 | Swamp:4  | Killed the 26-headed Lernaean hydra
 33067 | Swamp:4  | Got a decaying rune of Zot
 33497 | Vaults:1 | Entered Level 1 of the Vaults
 33594 | Vaults:1 | Found Dolaosm's Armour Emporium.
 33665 | Vaults:1 | Received a gift from Okawaru
 33806 | Vaults:1 | Reached skill level 1 in Invocations
 34426 | Vaults:1 | Found Ugya's General Store.
 34426 | Vaults:1 | Found Xonyf Fyla's Weapon Boutique.
 34663 | Vaults:1 | Reached skill level 5 in Invocations
 34675 | Vaults:1 | Found a broken altar of Ashenzari.
 34733 | Vaults:1 | Found Pimiunio's Book Emporium.
 34798 | Vaults:1 | Found Jiokhuw's Antique Weapon Shoppe.
 34806 | Vaults:1 | Bought a jewelled great sword for 264 gold pieces
 34806 | Vaults:1 | Bought the +8 autumn katana {vorpal, Clar} for 1522 gold
                  | pieces
 34806 | Vaults:1 | Found the +8 autumn katana {vorpal, Clar}
 34821 | Vaults:1 | Identified the +4 great sword "Ziomeyf" {freeze, rN++} (You
                  | bought it in a shop on level 1 of the Vaults)
 34954 | Vaults:1 | Found a radiant altar of Vehumet.
 34954 | Vaults:1 | Noticed a lich
 34964 | Vaults:1 | Killed a lich
 35026 | Vaults:1 | Found the +3 crown of Dyrovepreva {rElec Int+2 SInv}
 35107 | Vaults:1 | Received a gift from Okawaru
 35122 | Vaults:1 | Reached skill level 15 in Armour
 35181 | Vaults:1 | Got a transparent long sword {god gift}
 35255 | Vaults:1 | Identified the +5 long sword "Vuesoyhoto" {vamp, rC+ Str-4
                  | Dex+6} (Okawaru gifted it to you on level 1 of the Vaults)
 35635 | Vaults:2 | Received a gift from Okawaru
 35674 | Vaults:2 | Paralysed by a great orb of eyes for 6 turns
 35708 | Vaults:2 | Gained mutation: When low on magic, you restore magic in
                  | place of health. [demonic ancestry]
 35708 | Vaults:2 | Reached XP level 19. HP: 138/146 MP: 12/24
 35810 | Vaults:2 | Received a gift from Okawaru
 35827 | Vaults:2 | Got a crude scimitar {god gift}
 35828 | Vaults:2 | Identified the +3 scimitar "Huekhlam" {flame, MR+} (Okawaru
                  | gifted it to you on level 2 of the Vaults)
 36490 | Vaults:2 | Received a gift from Okawaru
 36757 | Vaults:2 | Received a gift from Okawaru
 36848 | Vaults:2 | Reached skill level 17 in Long Blades
 36984 | Vaults:3 | Noticed Asterion
 37002 | Vaults:3 | Killed Asterion
 37002 | Vaults:3 | Received a gift from Okawaru
 37319 | Vaults:3 | Found a staircase to the Crypt.
 37319 | Vaults:3 | Found a basalt altar of Yredelemnul.
 37320 | Vaults:3 | Found an ancient bone altar of Kikubaaqudgha.
 37484 | Vaults:3 | Gained mutation: You are immune to clouds of flame.
                  | [demonic ancestry]
 37484 | Vaults:3 | Reached XP level 20. HP: 152/152 MP: 23/27
 37653 | Vaults:3 | Reached skill level 10 in Dodging
 37796 | Vaults:3 | Received a gift from Okawaru
 37809 | Vaults:3 | Found a runed translucent gate.
 37809 | Vaults:3 | Found a runed translucent gate.
 37810 | Vaults:3 | Found a runed translucent gate.
 37810 | Vaults:3 | Noticed Droegar's ghost (adept MiBe)
 37851 | Vaults:3 | Killed Droegar's ghost
 38057 | Vaults:3 | Received a gift from Okawaru
 38072 | Vaults:3 | Got a pair of translucent gloves {god gift}
 38083 | Vaults:3 | Identified the +0 pair of gloves "Qesod" {Harm MR+ Dex-4}
                  | (Okawaru gifted it to you on level 3 of the Vaults)
 38183 | Vaults:3 | Noticed Sojobo
 38216 | Vaults:3 | Killed Sojobo
 38260 | Vaults:3 | Noticed Saint Roka
 38289 | Vaults:3 | Killed Saint Roka
 38734 | Vaults:4 | Found Japap's Assorted Antiques.
 38967 | Vaults:4 | Noticed lunkers's ghost (adept KoDe)
 38975 | Vaults:4 | Found a runed translucent gate.
 38975 | Vaults:4 | Noticed an ancient lich
 39003 | Vaults:4 | Found an ancient bone altar of Kikubaaqudgha.
 39019 | Vaults:4 | Paralysed by a great orb of eyes for 7 turns
 39076 | Vaults:4 | Killed an ancient lich
 39076 | Vaults:4 | Received a gift from Okawaru
 39444 | Vaults:4 | Reached skill level 18 in Long Blades
 39444 | Vaults:4 | Reached XP level 21. HP: 158/158 MP: 28/28
 39461 | Vaults:4 | Cast into level 4 of the Abyss (a lich)
 39465 | Abyss:4  | Found a corrupted altar of Lugonu.
 39519 | Abyss:4  | Found a corrupted altar of Lugonu.
 39538 | Abyss:4  | Gained mutation: Potions are less effective at restoring
                  | your health. [a shining eye]
 39600 | Abyss:4  | Found a corrupted altar of Lugonu.
 39618 | Abyss:4  | Paralysed by accursed screaming for 1 turns
 39644 | Abyss:4  | Found an ornate altar of the Wu Jian Council.
 39846 | Vaults:4 | Escaped the Abyss
 39907 | Vaults:4 | Killed lunkers's ghost
 39949 | Vaults:4 | Got a scintillating golden ring
 39950 | Vaults:4 | Identified the ring "Naxkeacw" {rC+ MR+ MP+9 Int-5} (You
                  | found it on level 4 of the Vaults)
 39961 | Vaults:4 | Identified Kikubaaqudgha's Compendium of Evil
 40919 | Elf:1    | Entered Level 1 of the Elven Halls
 41071 | Elf:1    | Received a gift from Okawaru
 41290 | Elf:1    | Identified Nuxaxial's Disquisition on Attacks and Creation
 41600 | Elf:1    | Found Eresch's Mass Market.
 41608 | Elf:1    | Bought a +0 triple sword for 160 gold pieces
 42074 | Elf:2    | Found a portal to a secret trove of treasure.
 42157 | Elf:2    | Acquired the ring of Zayzorule {Str+3 Int+6 Dex+5}
 42265 | Elf:2    | Found a runed translucent gate.
 42265 | Elf:2    | Found a runed translucent gate.
 42265 | Elf:2    | Found a runed translucent gate.
 42824 | Elf:3    | Entered Level 3 of the Elven Halls
 42885 | Elf:3    | Found Feluroq's General Store.
 43054 | Elf:3    | Received a gift from Okawaru
 43060 | Elf:3    | Reached XP level 22. HP: 124/165 MP: 24/29
 43106 | Elf:3    | HP: 8/165 [deep elf high priest/damnation (22)]
 43106 | Elf:3    | Killed from afar by a deep elf high priest

Illustrated notes

Levels and vault maps discovered:
D:1:      onia_arrival_zoo_common, layout_loops_ring, kennysheep_minor_cross
D:2:      layout_basic, marbit_many_paths
D:3:      layout_rooms, minitemple, minmay_diced_spiral, uniq_natasha
D:4:      layout_gridville, grunt_dithmenos_smoke, uniq_ijyb
D:5:      layout_loops_ring, lemuel_zombie_altar_yredelemnul,
          minmay_temple_entry_junction_2, basic_altar, uniq_menkaure,
          uniq_edmund, uniq_prince_ribbit1
D:6:      layout_basic, grunt_qazlal_clouds
D:7:      layout_rooms, old_standard_altar, serial_shops, kennysheep_little_box,
          uniq_duvessa
D:8:      layout_layer_cave, overflow_temple_1_default, kennysheep_mini_moat,
          lemuel_crystal_altar, dpeg_lair_monsters,
          chequers_serial_rivers_small_3, uniq_harold
D:9:      layout_rooms
D:10:     layout_grid_maze, hangedman_decor_lopped, corexii_corridor_pit,
          uniq_joseph
D:11:     minmay_the_grid_net [minmay_the_grid_eight,
          minmay_the_grid_diamond_grid, minmay_the_grid_box_x,
          minmay_the_grid_minigrid_small_alt, minmay_the_grid_slots,
          minmay_the_grid_prize_inner_circle], layout_gridville, serial_shops,
          nicolae_shop_statue_plus, basic_altar
D:12:     layout_irregular_city, erik_orc_1, serial_co_window_serial,
          co_window_paths_b, co_window_paths_a, co_window_paths_b,
          co_window_paths_a, co_window_paths_b, co_window_unsneaky_path_d,
          co_window_of_opportunity_c, co_window_corner_ca, co_window_sun,
          glass_columns_a, glass_columns_b, serial_shops, nicolae_shop_crystal,
          shop, nicolae_shop_competitors_out_of_business, grunt_ministairs_1,
          st_stairs_11, chequers_serial_rivers_small_a
D:13:     layout_roguey, david_vaults_4, grunt_tough_drop
Temple:   grunt_temple_mini_profane
Lair:1:   layout_cave_pods, kennysheep_abandoned_house
Lair:2:   layout_cave_pods, minmay_lair_oklob_bushes
Lair:3:   layout_cave_pods, guppyfry_snake_entry_island, gauntlet_entry_generic,
          grunt_megastairs_5, serial_bayou_shore_b
Lair:4:   layout_long_grid, minmay_swamp_entry_swarm, serial_bayou_pond_d,
          zaba_antful_of_joy
Lair:5:   layout_roguey, nicolae_slime_entry_slimehenge,
          gammafunk_ghost_berserking_beasts
Lair:6:   minmay_lair_end_enchanted_forest, layout_loops_ring, enter_volcano_2
Swamp:1:  layout_falls_marsh, nicolae_swamp_godswood, uniq_jorgrun
Swamp:2:  layout_basic_swamp, hangedman_swamp_ruin_hall
Swamp:3:  layout_basic_swamp, evilmike_swamp_ruin_rubble_1, uniq_donald
Swamp:4:  swamp_old_school, layout_basic_swamp, gammafunk_ghost_mausoleum,
          uniq_louise
Snake:1:  layout_grid_shapes, serial_bayou_shore_b, grunt_megastairs_2,
          minmay_shop_grove
Snake:2:  layout_onion, serial_shops, nicolae_shop_waterfront, uniq_kirke
Snake:3:  layout_rooms, nrook_guardian_serpent_double
Snake:4:  snake_pit, layout_misc_corridors
Orc:1:    layout_diamond_mine, uniq_nergalle
Orc:2:    grunt_orc_tribal_feast, layout_diamond_mine, serial_shops, shop,
          nicolae_shop_behind_doors, basic_altar, gammafunk_ghost_split,
          uniq_sonja
Elf:1:    layout_geoelf_octagon, minivault_28, minmay_shop_mass,
          minmay_elf_sorcery
Elf:2:    layout_geoelf_octagon, trove_entry_hex_spiral
Elf:3:    minmay_elf_hall_not_hex, layout_gridlike, serial_shops, shop,
          nicolae_elf_big_sculpture_2
Vaults:1: nicolae_vaults_network_quincunx
          [nicolae_vaults_network_quincunx_subvault,
          nicolae_vaults_network_quincunx_subvault,
          nicolae_vaults_network_quincunx_subvault,
          nicolae_vaults_network_quincunx_subvault,
          nicolae_vaults_network_quincunx_subvault], hangedman_vaults_maws,
          nicolae_vaults_network_quinsquares
          [nicolae_vaults_network_quincunx_subvault,
          nicolae_vaults_network_quincunx_subvault,
          nicolae_vaults_network_quincunx_subvault,
          nicolae_vaults_network_quincunx_subvault], vaults_mumra_chevron_long,
          vaults_mumra_lcd, hangedman_vaults_impose, grunt_tower_of_power,
          ontoclasm_vaults_ligature, nicolae_vaults_little_squares_6,
          ontoclasm_vaults_hangar, vaults_room_pool, layout_vaults_omnigrid,
          serial_shops, nicolae_shop_trees, shop, shop, shop, shop, basic_altar
Vaults:2: nicolae_vaults_little_squares_3, nicolae_vaults_network_s,
          ontoclasm_vaults_chip, vaults_room_boxed, hangedman_vaults_capsules,
          nicolae_vaults_c_with_doors, v_misc_13, vaults_dpeg_ring,
          nicolae_vaults_border_crossing, layout_vaults_big_room
Vaults:3: gammafunk_vaults_ghost_necromancy, ontoclasm_vaults_bender,
          hangedman_vaults_stagger, vaults_mumra_bighexcomb,
          hangedman_vaults_cutoff, serial_ice_g, v_misc_5,
          minmay_crypt_entry_necro_gods, v_misc_29, v_misc_13, v_misc_17,
          nicolae_vaults_asterisk, hangedman_vaults_slice,
          hangedman_vaults_maws, layout_vaults_omnibox, uniq_sojobo,
          uniq_asterion, uniq_saint_roka
Vaults:4: gammafunk_vaults_ghost_crypt, v_misc_1, ontoclasm_vaults_twist,
          ontoclasm_vaults_ring_small, v_alt_pattern_3,
          hangedman_vaults_corner_blocks, ontoclasm_vaults_fault,
          nicolae_vaults_shelves_hall, hangedman_vaults_maws,
          nicolae_vaults_statue_guard, v_misc_23, dpeg_vaults_monster_row,
          grunt_vaults_hallway_short, vaults_room_corners,
          vaults_room_stairs_pillars, layout_vaults_omnicross, serial_shops,
          nicolae_shop_window_shopping

Skill      XL: |  1  2  3  4  5  6  7  8  9 10 11 12 13 14 15 16 17 18 19 20 21 |
---------------+----------------------------------------------------------------+-----
Long Blades    | 3 4 5 6 7 8 9 11 12 13 14 15 16 17 18 | 18.9
Armour         | 1 2 3 4 5 6 7 8 9 10 11 12 14 15 16 17 | 17.8
Shields        | 1 2 3 4 5 6 7 8 9 10 11 12 13 14 | 14.8
Fighting       | 3 4 5 6 7 8 9 10 11 | 11.9
Short Blades   | 2 4 7 8 |  8.2
Evocations     | 6 10 12 | 12.4
Dodging        | 4 6 8 9 11 12 | 12.4
Invocations    | 7 9 |  9.8
Throwing       | |  1.7

Action                   |  1- 3 |  4- 6 |  7- 9 | 10-12 | 13-15 | 16-18 | 19-21 | 22-24 || total
-------------------------+-------+-------+-------+-------+-------+-------+-------+-------++-------
Melee: Long sword        |    96 |   148 |   313 |       |       |  1122 |  1688 |    31 ||  3398
       Headbutt          |    11 |    32 |   100 |   234 |   351 |   551 |   737 |    13 ||  2029
       Rapier            |       |       |    99 |   690 |       |       |       |       ||   789
       Double sword      |       |       |       |    99 |  1271 |   436 |       |       ||  1806
       Great sword       |       |       |       |       |       |     5 |       |       ||     5
       Katana            |       |       |       |       |       |    52 |   228 |     5 ||   285
Throw: Throwing net      |       |       |     1 |       |       |       |       |       ||     1
Invok: Heroism           |       |       |     1 |     2 |    21 |    29 |    36 |     1 ||    90
       Finesse           |       |       |       |       |    20 |    22 |    34 |       ||    76
  Use: Scroll            |       |     9 |     6 |    10 |    17 |    16 |    12 |     3 ||    73
       Potion            |       |     3 |     8 |     1 |    10 |     7 |     1 |     1 ||    31
 Stab: Sleeping          |       |       |       |     2 |       |       |     8 |       ||    10
       Distracted        |       |       |       |     1 |     3 |     2 |     1 |       ||     7
       Confused          |       |       |       |       |       |     1 |       |       ||     1
Armor: Ring mail         |    26 |    61 |   117 |   209 |       |       |       |       ||   413
       Leather armour    |     1 |       |       |       |       |       |       |       ||     1
       Skin              |       |     1 |       |       |       |       |       |       ||     1
       Plate armour      |       |       |       |    57 |   669 |  1176 |   650 |    13 ||  2565
Dodge: Dodged            |    78 |    71 |   109 |   208 |   386 |   976 |   778 |    19 ||  2625
Block: Buckler           |     7 |    12 |       |       |       |   470 |   530 |    15 ||  1034
       Tower shield      |       |    50 |   364 |   721 |  1370 |   690 |       |       ||  3195
       Rpst.: Long sword |    24 |    25 |    23 |       |       |   132 |   140 |     3 ||   347
       Double sword      |       |       |       |     6 |    74 |    24 |       |       ||   104
       Great sword       |       |       |       |       |       |     1 |       |       ||     1
       Katana            |       |       |       |       |       |     2 |    22 |     1 ||    25

Table legend: (Time is in decaauts)
 A = Elapsed time spent in this place.
 B = Non-inter-level travel time spent in this place.
 C = Inter-level travel time spent in this place.
 D = Time resting spent in this place.
 E = Time spent auto-exploring this place.
 F = Levels seen in this place.
 G = Mean time per level.
                   A        B        C        D        E       F      G
               +--------+--------+--------+--------+--------+-----+--------+
         Total |  41763 |  37473 |   4290 |   3097 |  25478 |  39 | 1070.8 |
       Dungeon |  13963 |  12503 |   1460 |    960 |   8793 |  13 | 1074.1 |
        Temple |    289 |    181 |    108 |      0 |    175 |   1 |  289.0 |
          Lair |   8194 |   7160 |   1034 |    539 |   5378 |   6 | 1365.7 |
         Swamp |   4664 |   4278 |    386 |    310 |   3101 |   4 | 1166.0 |
     Snake Pit |   4045 |   3787 |    258 |    594 |   2217 |   4 | 1011.2 |
  Orcish Mines |   1617 |   1343 |    274 |    262 |    728 |   2 |  808.5 |
   Elven Halls |   1984 |   1875 |    109 |      0 |   1292 |   3 |  661.3 |
        Vaults |   6048 |   5388 |    660 |    354 |   3422 |   4 | 1512.0 |
         Abyss |    313 |    313 |      0 |     77 |     50 |   1 |  313.0 |
       Volcano |    644 |    644 |      0 |      0 |    320 |   1 |  644.0 |
               +--------+--------+--------+--------+--------+-----+--------+

Top non-repeatable levels by time:
 Swamp:4: 2216 daAuts
Vaults:1: 1990 daAuts
    D:11: 1894 daAuts
     D:8: 1760 daAuts
Vaults:4: 1712 daAuts
  Lair:4: 1688 daAuts
 Snake:4: 1505 daAuts
  Lair:6: 1500 daAuts
  Lair:5: 1401 daAuts
    D:12: 1305 daAuts
  Lair:1: 1275 daAuts
Vaults:3: 1181 daAuts
  Lair:2: 1165 daAuts
Vaults:2: 1164 daAuts
  Lair:3: 1162 daAuts
